 Dungeon Crawl Stone Soup version 0.20-a0-259-gc929cd2 (webtiles) character file.

173 Darkfold the Insei (level 5, -2/43 HPs)
             Began as a Demonspawn Monk on Dec 3, 2016.
             Slain by a worm (7 damage)
             ... on level 3 of the Dungeon.
             The game lasted 00:05:33 (2246 turns).

Darkfold the Insei (Demonspawn Monk)                Turns: 2246, Time: 00:05:34

Health: -2/43      AC: 10    Str: 12    XL:     5   Next: 28%
Magic:  5/5        EV: 12    Int: 14    God:
Gold:   119        SH:  0    Dex: 15    Spells: 4/4 levels left

rFire  . . .     SeeInvis .       - Unarmed
rCold  . . .     Gourm    .     k - +3 leather armour {rPois}
rNeg   . . .     Faith    .     (no shield)
rPois  +         Spirit   .     (no helmet)
rElec  .         Reflect  .     (no cloak)
rCorr  .         Harm     .     (no gloves)
MR     .....     Clarity  +     m - +1 pair of boots
Stlth  ++........               (no amulet)
                                (no ring)
                                (no ring)

@: no status effects
A: talons 1, thin metallic scales 1, clarity, clever 1, MP-powered wands
a: no special abilities


You were on level 3 of the Dungeon.
You were not hungry.

You visited 1 branch of the dungeon, and saw 3 of its levels.

You collected 119 gold pieces.

Inventory:

Armour
 a - a +0 robe
 h - a +1 chain mail
 k - a +3 leather armour of poison resistance (worn)
 m - a +1 pair of boots (worn)
 u - a +0 plate armour
Jewellery
 d - an uncursed ring of protection from fire {unknown}
 r - a +3 ring of dexterity {unknown}
Wands
 n - a wand of paralysis (0/24)
Scrolls
 f - 3 scrolls of enchant armour
 j - 2 scrolls of identify {unknown}
 q - a scroll of fear {unknown}
 s - a scroll of amnesia
Potions
 e - a potion of berserk rage {unknown}
 o - a potion of might {unknown}
 p - a potion of curing {unknown}
Comestibles
 b - a bread ration
 c - a meat ration
 i - a beef jerky
 l - 2 slices of pizza
 t - 9 chunks of flesh


   Skills:
 + Level 4.3 Fighting
 - Level 2.6 Dodging
 - Level 1.7 Stealth
 * Level 4.6 Unarmed Combat


You had 4 spell levels left.
You didn't know any spells.

Dungeon Overview and Level Annotations

Branches:
Dungeon (3/15)

Altars:
Dithmenos


Innate Abilities, Weirdness & Mutations

You have sharp toenails.
You are partially covered in thin metallic scales. (AC +2)
You possess an exceptional clarity of mind.
Your mind is acute. (Int +2)
You expend magic power (3 MP) to strengthen your wands.


Message History

You barely miss the worm.
The worm is heavily wounded.
The gnoll hits you but does no damage. The worm misses you.
You hit the worm.
The worm is heavily wounded.
The gnoll completely misses you.
You barely miss the worm.
The worm is heavily wounded.
The gnoll hits you from afar with a spear.
* * * LOW HITPOINT WARNING * * *
The worm barely misses you.
You hit the worm.
The worm is heavily wounded.
The gnoll hits you from afar with a spear.
* * * LOW HITPOINT WARNING * * *
It was a potion of mutation.
You feel extremely strange.
Your thoughts seem clearer.
You feel clever.
You feel your magical essence link to your wands.
The gnoll closely misses you. The worm bites you!
You die...

.....# ###.......#.....
.....####...............
.............?......## .
#.............%.....##..
#.#..####.#.....(.......
#....# #.#.....†.%.....
..#..# # #.........#...
#.##.. ##.......#....
#.# ... #.....@....#..
... [# #....w))...... .
#......g...###. #
.............
##..........##
............#
............#
#.##..##....#


You could see a worm and a gnoll.

Vanquished Creatures
  Ijyb (D:2)
  6 gnolls
  3 adders
  2 worms (D:2)
  2 leopard geckos (D:2)
  2 orcs (D:3)
  A ball python (D:2)
  6 bats
  5 giant cockroaches
  7 hobgoblins
  2 jackals (D:3)
  3 quokkas
  A frilled lizard (D:3)
  4 goblins
  5 kobolds
  A quokka skeleton (D:3)
  3 rats
54 creatures vanquished.

Notes
Turn   | Place    | Note
-------+----------+-------------------------------------------
     0 | D:1      | Darkfold the Demonspawn Monk began the quest for the Orb.
     0 | D:1      | Reached XP level 1. HP: 18/18 MP: 1/1
   520 | D:1      | Gained mutation: You have sharp toenails. [demonic ancestry]
   520 | D:1      | Reached XP level 2. HP: 24/24 MP: 2/2
  1206 | D:2      | Noticed Ijyb
  1209 | D:2      | Paralysed by Ijyb for 6 turns
  1251 | D:2      | Killed Ijyb
  1251 | D:2      | Reached XP level 3. HP: 25/30 MP: 3/3
  1375 | D:2      | Gained mutation: You are partially covered in thin metallic scales. (AC +2) [demonic ancestry]
  1375 | D:2      | Reached XP level 4. HP: 34/37 MP: 4/4
  1658 | D:2      | Found a shadowy altar of Dithmenos.
  2087 | D:3      | Reached XP level 5. HP: 39/42 MP: 5/5
  2246 | D:3      | Gained mutation: You possess an exceptional clarity of mind. [potion of mutation]
  2246 | D:3      | Gained mutation: Your mind is acute. (Int +2) [potion of mutation]
  2246 | D:3      | Gained mutation: You expend magic power (3 MP) to strengthen your wands. [potion of mutation]
  2246 | D:3      | Slain by a worm

Vault maps used:
D:1:      lightli_iron_boxes
D:2:      serial_bayou, serial_bayou_shore_a, serial_bayou_lagoon_a,
          serial_bayou_pond_a, serial_bayou_shore_b,
          nicolae_dithmenos_through_a_glass_darkly, uniq_iyjb
D:3:      first_bread, gup_sewer_entry_pipe

Skill      XL: |  1  2  3  4 |
---------------+-------------+-----
Unarmed Combat | 3 4 |  4.6
Fighting       | 4 |  4.3
Dodging        | |  2.6
Stealth        | |  1.7

Action                   |  1- 3 |  4- 6 || total
-------------------------+-------+-------++-------
Melee: Unarmed           |   183 |   162 ||   345
       Punch             |     7 |     2 ||     9
       Kick              |    26 |       ||    26
  Use: Scroll            |     4 |       ||     4
       Potion            |       |     1 ||     1
 Stab: Sleeping          |     3 |     1 ||     4
       Distracted        |       |     1 ||     1
  Eat: Chunk             |     2 |     3 ||     5
Armor: Robe              |     6 |       ||     6
       Chain mail        |    97 |       ||    97
       Leather armour    |     9 |    41 ||    50
Dodge: Dodged            |    96 |   112 ||   208
